 Dungeon Crawl Stone Soup version 0.28-a0-407-g69098e2f6d (webtiles) character file.

Game seed: 17304870227212655355

1425 bande the Chopper (level 8, 0/49 HPs)
             Began as a Gargoyle Fighter on Sept 5, 2021.
             Was a Follower of Okawaru.
             Slain by a gnoll sergeant (9 damage)
             ... on level 7 of the Dungeon.
             The game lasted 00:11:06 (7046 turns).

bande the Chopper (Gargoyle Fighter)                Turns: 7046, Time: 00:11:06

Health: 0/49       AC: 16    Str: 21    XL:     8   Next: 72%
Magic:  10/10      EV: 12    Int:  9    God:    Okawaru [*.....]
Gold:   191        SH:  6    Dex: 13    Spells: 7/7 levels left

rFire   . . .      SeeInvis .   a - +0 war axe
rCold   . . .      Faith    .   c - +1 buckler
rNeg    + . .      Spirit   .   j - +0 chain mail
rPois   ∞          Reflect  .   q - +0 helmet of the Merchant {Dex+3}
rElec   +          Harm     .   (no cloak)
rCorr   .          Rampage  .   (no gloves)
Will    +....                   (no boots)
Stlth   ..........              (no amulet)
HPRegen 0.16/turn               h - ring of willpower
MPRegen 0.12/turn               u - +4 ring of evasion

@: no status effects
A: sickness immunity, AC +5, negative energy resistance 1, electricity
resistance, torment resistance 1, petrification resistance, wild magic 1
a: Renounce Religion, Heroism


You were on level 7 of the Dungeon.
You worshipped Okawaru.
Okawaru was aware of your devotion.
You visited 2 branches of the dungeon, and saw 8 of its levels.

You collected 191 gold pieces.

Inventory:

Hand Weapons
 a - a +0 war axe (weapon)
 y - a +3 vorpal flail
Armour
 c - a +1 buckler (worn)
 j - a +0 chain mail (worn)
 q - the +0 helmet of the Merchant (worn) {Dex+3}
   (You took it off Robin on level 4 of the Dungeon)

   Dex:       It affects your dexterity (+3).
Jewellery
 h - a ring of willpower (left hand)
 k - a ring of see invisible
 m - a ring of fire
 u - a +4 ring of evasion (right hand)
Wands
 f - a wand of iceblast (9)
 s - a wand of acid (8)
 w - a wand of flame (19)
Potions
 b - 3 potions of curing
 d - a potion of might
 e - a potion of ambrosia
 g - a potion of flight
 i - 2 potions of haste
 l - a potion of lignification {unknown}
 n - 2 potions of invisibility
 o - 2 potions of heal wounds
 p - a potion of berserk rage {unknown}
 r - a potion of cancellation {unknown}
 v - a potion of degeneration {unknown}
 x - a potion of brilliance {unknown}


   Skills:
 + Level 5.2 Fighting
 + Level 6.0 Axes
 + Level 5.7 Armour
 - Level 0.8 Dodging
 + Level 5.1 Shields
 * Level 3.0 Invocations
 * Level 2.9 Evocations


You had 7 spell levels left.
You didn't know any spells.
Your spell library contained the following spells:

 Spells                   Type           Power      Damage    Failure   Level
 Corona                   Hex            0%         N/A       99%         1
 Freeze                   Ice            0%         1d3       99%         1
 Magic Dart               Conj           0%         1d3       99%         1
 Ensorcelled Hibernation  Hex/Ice        0%         N/A       99%         2
 Passwall                 Tmut/Erth      0%         N/A       99%         2
 Poisonous Vapours        Pois/Air       0%         N/A       99%         2
 Frozen Ramparts          Ice            0%         1d2       100%        3
 Mephitic Cloud           Conj/Pois/Air  0%         N/A       100%        3
 Spider Form              Tmut/Pois      0%         N/A       100%        3
 Swiftness                Air            0%         N/A       100%        3
 Hailstorm                Conj/Ice       0%         3d3       100%        4
 Olgreb's Toxic Radiance  Pois           0%         N/A       100%        4
 Invisibility             Hex            0%         N/A       100%        6
 Ozocubu's Refrigeration  Ice            0%         4d5       100%        7
 Storm Form               Tmut/Air       0%         N/A       100%        7
 Ignition                 Fire           0%         3d3       100%        8
 Maxwell's Capacitive Co  Air            0%         ∞         100%        8
 Call Imp                 Summ           Unusable   N/A       N/A         2
 Tukima's Dance           Hex            Unusable   N/A       N/A         3
 Summon Lightning Spire   Summ/Air       Unusable   N/A       N/A         4

Dungeon Overview and Level Annotations

Branches:
Dungeon (7/15)             Temple (1/1) D:5

Altars:
Ashenzari
Elyvilon
Fedhas
Gozag
Kikubaaqudgha
Makhleb
Nemelex Xobeh
Okawaru
Ru
Uskayaw
Wu Jian
Xom

Shops:
D:5 :


Innate Abilities, Weirdness & Mutations

You are immune to sickness and miasma.
Your stone body is resilient. (AC +5)
You are immune to poison.
You resist negative energy. (rN+)
You are resistant to electric shocks. (rElec)
You are resistant to unholy torment.
You are immune to petrification.
Your spells are a little harder to cast, but a little more powerful.


Message History

You kill the gnoll!
Okawaru accepts your kill. You block the gnoll sergeant's attack.
The gnoll hits you but does no damage.
Unknown command.
You hit the gnoll but do no damage.
The gnoll is moderately wounded.
The gnoll sergeant blocks your attack. The gnoll sergeant barely misses you.
You block the gnoll's attack.
Your chain mail prevents you from hitting the gnoll.
The gnoll is moderately wounded.
You hit the gnoll sergeant.
The gnoll sergeant hits you but does no damage.
You block the gnoll's attack.
Unknown command.
You hit the gnoll.
The gnoll is heavily wounded.
Your chain mail prevents you from hitting the gnoll sergeant.
The gnoll sergeant hits you with a +1 trident of flaming.
* * * LOW HITPOINT WARNING * * *
The gnoll sergeant burns you.
* * * LOW HITPOINT WARNING * * *
The gnoll misses you. The gnoll sergeant closely misses you.
You hit the gnoll sergeant.
The gnoll sergeant is heavily wounded.
You hit the gnoll but do no damage. The gnoll hits you but does no damage.
You block the gnoll sergeant's attack. The gnoll closely misses you.
Unknown command.
You hit the gnoll sergeant.
The gnoll sergeant is severely wounded.
You barely miss the gnoll.
The gnoll sergeant hits you with a +1 trident of flaming.
* * * LOW HITPOINT WARNING * * *
The gnoll sergeant burns you.
* * * LOW HITPOINT WARNING * * *
The gnoll hits you but does no damage.
You hit the gnoll.
The gnoll is almost dead.
Your chain mail prevents you from hitting the gnoll sergeant.
The gnoll sergeant hits you with a +1 trident of flaming!
You die...

#.......##.....##...
#.......#.......#....#
###...###....._.........
#.....# ###.......#....#
#.####### ##.....##....#
#.# #...# ##...##.....#
#.###.<.#...##.##.......
#.##....#...............
#.##...##.....##@g...(..
#.#....#........)g..#...
#.....##................
#...♣.#.................
##....##................
##....#................
##...##...##..........
#....#... #..........
##.<.#


You could see a gnoll sergeant and a gnoll.

Vanquished Creatures
  A hornet (D:6)
  Edmund (D:6)
  A hornet zombie (D:7)
  2 ice beasts (D:7)
  An ogre (D:6)
  A phantom (D:5)
  A water moccasin skeleton (D:5)
  A bullfrog zombie (D:6)
  A hound (D:6)
  A centaur skeleton (D:6)
  2 jellies
  An orc priest (D:4)
  A bullfrog skeleton (D:6)
  3 iguanas
  An orc wizard (D:5)
  A killer bee zombie (D:6)
  Robin (D:4)
  3 gnolls
  8 adders
  4 shadow imps
  3 ufetubi
  2 adder skeletons (D:4)
  3 dart slugs
  16 orcs
  9 endoplasms
  7 giant cockroaches
  12 goblins
  11 hobgoblins
  5 jackals
  4 quokkas
  6 ball pythons
  4 bats
  4 frilled lizards
  3 kobolds
  7 rats
132 creatures vanquished.

Vanquished Creatures (collateral kills)
  A kobold (D:3)
1 creature vanquished.

Vanquished Creatures (others)
  7 plants (D:2)
  6 withered plants (D:2)
13 creatures vanquished.

Grand Total: 146 creatures vanquished

Notes
Turn   | Place    | Note
-------+----------+-------------------------------------------
     0 | D:1      | bande the Gargoyle Fighter began the quest for the Orb.
     0 | D:1      | Reached XP level 1. HP: 14/14 MP: 1/1
   124 | D:1      | Reached XP level 2. HP: 13/20 MP: 2/2
   532 | D:1      | Reached skill level 2 in Axes
   532 | D:1      | Reached XP level 3. HP: 22/24 MP: 3/3
  1347 | D:2      | Found a faded altar of an unknown god.
  1461 | D:2      | Reached XP level 4. HP: 29/29 MP: 4/4
  2673 | D:4      | Identified the +0 helmet of the Merchant {Dex+3}
  2673 | D:4      | Noticed Robin
  2683 | D:3      | Reached XP level 5. HP: 25/33 MP: 5/5
  2915 | D:4      | Reached skill level 3 in Axes
  2920 | D:4      | Killed Robin
  3257 | D:4      | Got the Incunabulum of Envenoming
  3597 | D:4      | Reached XP level 6. HP: 33/39 MP: 6/6
  3844 | D:4      | Found a broken altar of Ashenzari.
  4164 | D:5      | Entered Level 5 of the Dungeon
  4168 | D:5      | Gained mutation: Your spells are a little harder to cast,
                  | but a little more powerful. [potion of mutation]
  4411 | D:5      | Reached skill level 4 in Axes
  4450 | D:5      | Found Nollaileu's Book Shoppe.
  4478 | D:5      | Reached skill level 1 in Evocations
  4535 | D:5      | Found a white marble altar of Elyvilon.
  4832 | D:5      | Found a staircase to the Ecumenical Temple.
  4844 | Temple   | Entered the Ecumenical Temple
  4914 | Temple   | Became a worshipper of Warmaster Okawaru
  4957 | D:5      | Reached XP level 7. HP: 30/44 MP: 7/7
  5655 | D:6      | Reached skill level 1 in Invocations
  5755 | D:6      | Noticed a hornet
  5766 | D:6      | Killed a hornet
  5766 | D:6      | Reached * piety under Okawaru
  5767 | D:6      | Reached skill level 5 in Axes
  5767 | D:6      | Reached skill level 5 in Armour
  6092 | D:6      | Reached skill level 5 in Fighting
  6092 | D:6      | Reached XP level 8. HP: 49/49 MP: 9/9
  6145 | D:6      | Noticed Edmund
  6152 | D:6      | Killed Edmund
  6651 | D:7      | Reached skill level 5 in Shields
  6969 | D:7      | Reached skill level 6 in Axes
  6997 | D:7      | Found a shimmering altar of Xom.
  7046 | D:7      | Slain by a gnoll sergeant

Illustrated notes

Levels and vault maps discovered:
D:1:      eino_arrival_druids_welcome, layout_basic
D:2:      layout_rooms, shapermc_ecumenical_altar_flowoftime
D:3:      layout_basic
D:4:      minmay_door_path, layout_gridville,
          mainiacjoe_overflow_six_doors_small, serial_rivers,
          chequers_serial_rivers_room_b, chequers_serial_rivers_micro_c,
          chequers_serial_rivers_micro_b, chequers_serial_rivers_marsh,
          chequers_serial_rivers_small_a, uniq_robin
D:5:      layout_basic, general_overflow_altar, minmay_temple_entry_sparse_star,
          serial_shops, nicolae_shop_competitors_out_of_business
D:6:      layout_gridville, grunt_ministairs_1, uniq_edmund
D:7:      layout_basic, lemuel_round_altar, gammafunk_ghost_mausoleum,
          serial_shops, shop, shop, kennysheep_little_box,
          nicolae_inconvenience_store, shop, grunt_ministairs_12
Temple:   eino_temple_scatter_basement

Skill      XL: |  1  2  3  4  5  6  7  8 |
---------------+-------------------------+-----
Axes           | 2 3 4 5 6 |  6.0
Fighting       | 4 5 |  5.2
Shields        | 4 5 |  5.1
Armour         | 4 5 |  5.7
Evocations     | 1 2 |  2.9
Invocations    | 2 3 |  3.0
Dodging        | |  0.8

Action                   |  1- 3 |  4- 6 |  7- 9 || total
-------------------------+-------+-------+-------++-------
Melee: War axe           |   120 |   213 |   139 ||   472
  Use: Scroll            |     3 |     9 |     2 ||    14
       Potion            |       |     1 |       ||     1
Armor: Scale mail        |    12 |       |       ||    12
       Chain mail        |    44 |   150 |    75 ||   269
Dodge: Dodged            |    46 |    74 |    80 ||   200
Block: Buckler           |    37 |    69 |    54 ||   160

Table legend: (Time is in decaauts)
 A = Elapsed time spent in this place.
 B = Non-inter-level travel time spent in this place.
 C = Inter-level travel time spent in this place.
 D = Time resting spent in this place.
 E = Time spent auto-exploring this place.
 F = Levels seen in this place.
 G = Mean time per level.
                   A        B        C        D        E       F      G
               +--------+--------+--------+--------+--------+-----+--------+
         Total |   7204 |   7068 |    136 |    936 |   4796 |   8 |  900.5 |
       Dungeon |   7099 |   6963 |    136 |    936 |   4754 |   7 | 1014.1 |
        Temple |    104 |    104 |      0 |      0 |     42 |   1 |  104.0 |
               +--------+--------+--------+--------+--------+-----+--------+

Top non-repeatable levels by time:
     D:3: 1367 daAuts
     D:5: 1347 daAuts
     D:4: 1310 daAuts
     D:6: 1236 daAuts
     D:1: 912 daAuts
     D:2: 687 daAuts
     D:7: 237 daAuts
  Temple: 104 daAuts
